Map: 16-Bit LE

Players

Blake - Winner!

  • Race: Protoss Protoss
  • Spawn Location: 1:00

A.I. 1 (Harder)

  • Race: Zerg Zerg
  • Spawn Location: 7:00

VOD

Have the link to the VOD?

Description

Time

  • Played on: April 16, 2020, 11:58 p.m.
  • Length: 7:12
Show
View Real Time Build Order
Export as new Build Order

Blake Protoss - Winner!

Build Orders: Phoenix Opening, Mass Phoenix 

Get SALT Encoding   

  12  0:00  Probe  
  13  0:13  Probe  
  14  0:17  Pylon  
  14  0:25  Probe  
  15  0:28  Assimilator  
  15  0:37  Probe  
  16  0:44  Gateway  
  16  0:49  Probe (Chrono Boost)  
  17  0:54  Assimilator  
  17  1:01  Probe (Chrono Boost)  
  18  1:07  Probe (Chrono Boost)  
  19  1:12  Pylon  
  19  1:15  Probe  
  20  1:27  Probe  
  20  1:31  Cybernetics Core  
  21  1:39  Probe  
  22  1:51  Probe  
  23  2:05  Adept (Chrono Boost)  
  23  2:07  Stargate  
  25  2:08  Warp Gate  
  25  2:15  Stargate  
  25  2:37  Nexus  
  25  2:51  Phoenix  
  27  2:59  Phoenix  
  27  3:03  Pylon  
  31  3:21  Probe  
  31  3:22  Phoenix (Chrono Boost)  
  31  3:26  Phoenix (Chrono Boost)  
  32  3:33  Pylon  
  34  3:47  Phoenix  
  36  3:50  Probe  
  36  3:53  Assimilator  
  37  3:59  Probe  
  38  4:04  Phoenix  
  38  4:06  Probe  
  41  4:16  Probe  
  42  4:24  Phoenix (Chrono Boost)  
  44  4:28  Probe  
  44  4:29  Probe  
  44  4:30  Assimilator  
  46  4:37  Phoenix (Chrono Boost)  
  48  4:40  Probe  
  48  4:42  Probe  
  50  4:52  Phoenix (Chrono Boost)  
  50  4:53  Probe  
  50  4:57  Probe  
  54  5:03  Phoenix  
  56  5:07  Probe  
  56  5:10  Probe  
  58  5:16  Pylon  
  58  5:19  Probe  
  59  5:23  Phoenix  
  61  5:33  Phoenix  
  63  5:43  Probe  
  63  5:44  Pylon  
  63  5:45  Probe  
  65  5:51  Phoenix (Chrono Boost)  
  65  5:55  Probe  
  68  6:02  Phoenix (Chrono Boost)  
  70  6:07  Probe  
  70  6:08  Probe  
  70  6:11  Pylon  
  72  6:15  Phoenix (Chrono Boost)  
  74  6:19  Probe  
  74  6:20  Probe  
  74  6:24  Pylon  
  76  6:27  Phoenix  
  78  6:35  Probe x2  
  80  6:46  Phoenix  
  82  6:52  Pylon  
  84  6:59  Fleet Beacon  
Show
View Real Time Build Order
Export as new Build Order

A.I. 1 (Harder) Zerg 

Build Orders: Hatch First 

Get SALT Encoding   

  12  0:00  Drone  
  13  0:12  Overlord  
  13  0:18  Drone  
  14  0:30  Drone  
  14  0:31  Drone  
  14  0:34  Drone  
  17  0:54  Hatchery  
  17  0:56  Drone  
  17  1:12  Spawning Pool  
  17  1:13  Drone  
  17  1:16  Drone  
  18  1:19  Extractor  
  18  1:22  Drone  
  18  1:28  Overlord  
  18  1:38  Drone  
  19  2:00  Queen, Zergling x4  
  23  2:02  Roach Warren  
  23  2:06  Drone  
  23  2:07  Extractor  
  22  2:10  Drone  
  23  2:23  Drone  
  24  2:39  Extractor, Drone  
  24  2:43  Roach, Overlord  
  26  2:49  Zergling x2  
  27  2:54  Roach  
  27  2:57  Baneling Nest  
  28  3:00  Roach, Drone  
  31  3:10  Lair  
  31  3:34  Extractor  
  31  3:36  Drone  
  31  3:42  Baneling, Zergling x2  
  32  3:50  Drone  
  32  3:54  Drone  
  34  3:56  Drone  
  34  4:01  Overlord, Drone  
  36  4:09  Spire  
  35  4:14  Drone  
  32  4:18  Drone  
  32  4:21  Drone  
  32  4:22  Baneling  
  34  4:25  Drone  
  34  4:26  Overlord  
  35  4:31  Overlord  
  32  4:50  Zergling x2, Drone  
  34  4:53  Overlord  
  34  4:56  Zergling x2  
  35  5:00  Zergling x2  
  35  5:07  Overlord  
  36  5:13  Overlord  
  36  5:19  Overlord  
  31  5:34  Overlord  
  30  5:37  Mutalisk  
  28  5:53  Overlord  
  28  5:55  Overlord  
  28  6:00  Overlord  
  22  6:13  Mutalisk, Drone  
  22  6:14  Drone  
  26  6:24  Overlord  
  23  6:38  Overlord  
Tags
 
Add a new tag
Caveats
  • Supply blocks, unpowered buildings, or Contaminate may cause inaccurate times.
  • Supply counts are checked every 10 seconds.